 Dungeon Crawl Stone Soup version 0.24.0-37-gcf1ca852f1 (webtiles) character file.

Game seed: 15502354809363908086, levelgen mode: deterministic

147 FishyPogo the Conjurer (level 5, -5/28 HPs)
             Began as a Deep Elf Conjurer on Nov 30, 2019.
             Was a Follower of the Shining One.
             Slain by Crazy Yiuf
             ... wielding a +4 quarterstaff of chaos
              (20 damage)
             ... on level 2 of the Dungeon.
             The game lasted 00:08:46 (1363 turns).

FishyPogo the Conjurer (Deep Elf Conjurer)          Turns: 1363, Time: 00:08:47

Health: -5/28      AC:  4    Str:  8    XL:     5   Next: 8%
Magic:  7/14       EV: 13    Int: 21    God:    the Shining One [*.....]
Gold:   94         SH:  0    Dex: 15    Spells: 3/13 levels left

rFire    . . .     SeeInvis .   h - +0 short sword
rCold    . . .     Gourm    +   (no shield)
rNeg     . . .     Faith    .   p - +0 leather armour (curse)
rPois    .         Spirit   .   (no helmet)
rElec    .         Reflect  .   (no cloak)
rCorr    .         Harm     .   g - +0 pair of gloves {Str+3}
MR       .....                  (no boots)
Stlth    +.........             f - amulet of the gourmand
HPRegen  0.09/turn              (no ring)
MPRegen  0.14/turn              (no ring)

@: glowing
A: no striking features
a: Renounce Religion


You were on level 2 of the Dungeon.
You worshipped the Shining One.
The Shining One was aware of your devotion.
You were completely stuffed.

You visited 1 branch of the dungeon, and saw 3 of its levels.

You collected 94 gold pieces.

Inventory:

Hand Weapons
 h - a +0 short sword (weapon)
Missiles
 i - 13 poisoned darts (quivered)
 j - 70 stones
Armour
 a - a +0 robe
 g - a +0 pair of gloves of strength (worn)
 p - a cursed +0 leather armour (worn)
Jewellery
 f - an amulet of the gourmand (around neck)
Scrolls
 d - a scroll of immolation {unknown}
 e - 3 scrolls of teleportation {unknown}
 k - 3 scrolls of identify {unknown}
 l - 2 scrolls of remove curse {unknown}
 o - a scroll of noise {unknown}
 s - a scroll of amnesia {unknown}
Potions
 b - a potion of agility {unknown}
 m - 2 potions of haste {unknown}
 n - 3 potions of invisibility {unknown}
 q - a potion of might {unknown}
 t - a potion of curing {unknown}
Comestibles
 c - 5 rations
 r - 4 chunks of flesh


   Skills:
 * Level 2.1 Short Blades
 + Level 3.3 Dodging
 - Level 3.0 Stealth
 + Level 4.7 Spellcasting
 + Level 4.9 Conjurations
 + Level 0.0 Translocations


You had 3 spell levels left.
You knew the following spells:

 Your Spells              Type           Power        Failure   Level  Hunger
a - Magic Dart            Conj           ####         1%          1    None
b - Force Lance           Conj/Tloc      ###.....     50%         4    ####...
d - Dazzling Spray        Conj/Hex       ###...       17%         3    ##.....
s - Searing Ray           Conj           ####..       3%          2    None

Your spell library contained the following spells:

 Spells                   Type           Power        Failure   Level  Hunger
 Iskenderun's Mystic Bla  Conj           ####....     21%         4    ####...
 Fulminant Prism          Conj/Hex       ###.......   50%         4    ####...


Dungeon Overview and Level Annotations

Branches:
Dungeon (3/15)

Altars:
Gozag
Trog
The Shining One

Annotations:
D:2 Crazy Yiuf


Message History

Casting: Magic Dart (safe; 1% risk of failure)
Confirm with . or Enter, or press ? or * to list all spells.
Aiming: Magic Dart (safe; 1% risk of failure)
Press: ? - help, Shift-Dir - straight line, f/p - Crazy Yiuf
Aim: Crazy Yiuf, wielding a +4 quarterstaff of chaos and wearing a +0 cloak of poison resistance (heavily wounded, haloed)
The magic dart hits Crazy Yiuf.
Crazy Yiuf is heavily wounded.
Crazy Yiuf hits you with a +4 quarterstaff of chaos!
You feel your power leaking away.
Casting: Magic Dart (safe; 1% risk of failure)
Confirm with . or Enter, or press ? or * to list all spells.
Aiming: Magic Dart (safe; 1% risk of failure)
Press: ? - help, Shift-Dir - straight line, f/p - Crazy Yiuf
Aim: Crazy Yiuf, wielding a +4 quarterstaff of chaos and wearing a +0 cloak of poison resistance (heavily wounded, haloed)
The magic dart hits Crazy Yiuf.
Crazy Yiuf is severely wounded.
Crazy Yiuf hits you with a +4 quarterstaff of chaos.
You are electrocuted!!
Ouch! That really hurt!
You die...

........##.# #.#
#.......##.# #.##
#.......##.# #..#
#.......#### ##.#
.###...## #.#
##..# #######.##
...# ###
###.#..#...# #..#
#...##..#.......#
#...g@####PP....#
#)..### ##P#..##
### ######


You could see Crazy Yiuf.

Vanquished Creatures
  Natasha (thrice) (D:2)
  3 adders
  3 worms (D:2)
  A leopard gecko (D:2)
  A ball python (D:1)
  2 giant cockroaches
  3 goblins
  4 hobgoblins
  2 jackals (D:1)
  A quokka (D:2)
  3 bats
  2 frilled lizards (D:2)
  11 kobolds
  2 rats
41 creatures vanquished.

Notes
Turn   | Place    | Note
-------+----------+-------------------------------------------
     0 | D:1      | FishyPogo the Deep Elf Conjurer began the quest for the
                  | Orb.
     0 | D:1      | Reached XP level 1. HP: 10/10 MP: 6/6
   103 | D:3      | Found a glowing golden altar of the Shining One.
   176 | D:3      | Became a worshipper of the Shining One
   196 | D:3      | Reached XP level 2. HP: 15/15 MP: 3/8
   259 | D:1      | Reached XP level 3. HP: 14/19 MP: 2/10
   263 | D:1      | Learned a level 2 spell: Searing Ray
   267 | D:1      | Learned a level 3 spell: Dazzling Spray
   791 | D:2      | Found a faded altar of an unknown god.
   827 | D:2      | Reached skill level 1 in Short Blades
   946 | D:2      | Noticed Natasha
   953 | D:2      | Killed Natasha
   953 | D:2      | Reached XP level 4. HP: 5/24 MP: 4/12
   991 | D:2      | Noticed Natasha
  1171 | D:2      | Found a bloodstained altar of Trog.
  1187 | D:2      | Found an opulent altar of Gozag.
  1254 | D:2      | Killed Natasha
  1254 | D:2      | Reached * piety under the Shining One
  1270 | D:2      | Noticed Natasha
  1278 | D:2      | Killed Natasha
  1278 | D:2      | Reached XP level 5. HP: 17/28 MP: 7/14
  1300 | D:2      | Learned a level 4 spell: Force Lance
  1354 | D:2      | Found a runed translucent door.
  1355 | D:2      | Noticed Crazy Yiuf
  1363 | D:2      | Slain by Crazy Yiuf

Levels and vault maps discovered:
D:1:      dpeg_arrival_fog, layout_basic
D:2:      layout_rooms, lemuel_doored_altar, grunt_gozag_breadcrumbs,
          chequers_ecumenical_altar_simple, serial_glass, glass_columns_a,
          glass_columns_a, glass_columns_b, uniq_crazy_yiuf_cottage,
          uniq_natasha
D:3:      layout_rooms, lemuel_crystal_altar, chequers_serial_rivers_large_a,
          minmay_randomly_rotated_circles, uniq_sigmund

Skill      XL: |  1  2  3  4 |
---------------+-------------+-----
Stealth        | 3 |  3.0
Dodging        | 3 |  3.3
Spellcasting   | 4 |  4.7
Short Blades   | 1 2 |  2.1
Conjurations   | |  4.9

Action                   |  1- 3 |  4- 6 || total
-------------------------+-------+-------++-------
Melee: Unarmed           |     1 |       ||     1
       Short sword       |    36 |     8 ||    44
 Cast: Magic Dart        |    65 |    26 ||    91
       Searing Ray       |       |     1 ||     1
  Eat: Chunk             |    10 |     1 ||    11
Armor: Robe              |     7 |       ||     7
       Leather armour    |     2 |       ||     2
Dodge: Dodged            |    40 |     9 ||    49
